 Dungeon Crawl Stone Soup version 0.26-a0-818-g75db068ed4 (webtiles) character file.

Game seed: 5920599295679577995

1 jasper the Sneak (level 1, -1/20 HPs)
             Began as a Palentonga Delver on Nov 14, 2020.
             Slain by an orc
             ... wielding a +0 dagger
              (3 damage)
             ... while paralysed by Grinder
             ... on level 4 of the Dungeon.
             The game lasted 00:00:23 (59 turns).

jasper the Sneak (Palentonga Delver)                  Turns: 59, Time: 00:00:24

Health: -1/20      AC:  4    Str: 15    XL:     1   Next: 16%
Magic:  1/1        EV:  1    Int: 10    God:
Gold:   0          SH:  0    Dex: 11    Spells: 0/0 levels left

rFire    . . .     SeeInvis +   a - +0 hand axe
rCold    . . .     Faith    .   (no shield)
rNeg     . . .     Spirit   .   b - +0 leather armour
rPois    .         Reflect  .   (no helmet)
rElec    .         Harm     .   (no cloak)
rCorr    .         Rampage  .   (no gloves)
MR       .....                  (no barding)
Stlth    ++........             (no amulet)
HPRegen  0.06/turn              (no ring)
MPRegen  0.07/turn              (no ring)

@: paralysed
A: large, rugged brown scales 3, see invisible, deformed body, roll 1, armoured
tail
a: Rolling Charge


You were on level 4 of the Dungeon.
You visited 1 branch of the dungeon, and saw 2 of its levels.

Inventory:

Hand Weapons
 a - a +0 hand axe (weapon)
Armour
 b - a +0 leather armour (worn)
Wands
 g - a wand of digging (3)
Scrolls
 c - a scroll of fog
 d - a scroll of magic mapping
 e - a scroll of fear
 h - a scroll of remove curse {unknown}
Potions
 f - a potion of haste


   Skills:
 + Level 3.0 Fighting
 * Level 2.0 Axes
 + Level 0.0 Armour
 + Level 1.5 Dodging
 - Level 3.3 Stealth


You couldn't memorise any spells.
You didn't know any spells.
Your spell library was empty.

Dungeon Overview and Level Annotations

Branches:
Dungeon (5/15)
 Temple: D:4-7

Altars:

Annotations:
D:4 Grinder


Innate Abilities, Weirdness & Mutations

You are completely covered in rugged brown scales. (AC +3, +7% HP)
You have supernaturally acute eyesight. (SInv)
Armour fits poorly on your strangely shaped body.
You can roll at nearby foes to attack.
You have a long armoured tail.


Message History

The orc hits you but does no damage.
You climb upwards.
A leopard gecko and Grinder come into view.
Grinder shouts!
Found 7 gold pieces.
There is a stone staircase leading down here.
You closely miss the orc. The orc hits you but does no damage.
Grinder gestures at you.
You suddenly lose the ability to move!
The orc hits you with a +0 dagger.
The leopard gecko hisses angrily.
The orc hits you but does no damage.
Grinder blinks!
The orc hits you but does no damage.
Grinder blinks!
The leopard gecko completely misses you.
The orc hits you with a +0 dagger. Grinder hits you.
You writhe in agony.
* * * LOW HITPOINT WARNING * * *
The leopard gecko bites you.
* * * LOW HITPOINT WARNING * * *
The orc hits you with a +0 dagger.
You die...

.......
.....
$....
###...
#.....
....# #lo#
#.@#
#...5.#
#.......
#.#...##.#
#.#..## #
. .... #
##.# #.#


You could see Grinder, an orc and a leopard gecko.

Vanquished Creatures
  A quokka (D:5)
1 creature vanquished.

Notes
Turn   | Place    | Note
-------+----------+-------------------------------------------
     0 | D:5      | jasper the Palentonga Delver began the quest for the Orb.
     0 | D:5      | Reached XP level 1. HP: 20/20 MP: 1/1
     5 | D:5      | Noticed a scorpion
    20 | D:5      | Noticed an ogre
    53 | D:4      | Noticed Grinder
    54 | D:4      | Paralysed by Grinder for 6 turns
    59 | D:4      | Slain by an orc

Illustrated notes

Levels and vault maps discovered:
D:4:      kennysheep_spiral_hall, layout_loops_corners, elyvilon_altar_5,
          temple_statues, uniq_grinder
D:5:      layout_basic

Action                   || total
-------------------------++-------
Melee: Hand axe          ||     6
       Tailslap          ||     2
 Abil: Rolling Charge    ||     1
Armor: Leather armour    ||     3
Dodge: Dodged            ||     9

Table legend: (Time is in decaauts)
 A = Elapsed time spent in this place.
 B = Non-inter-level travel time spent in this place.
 C = Inter-level travel time spent in this place.
 D = Time resting spent in this place.
 E = Time spent auto-exploring this place.
 F = Levels seen in this place.
 G = Mean time per level.
                   A        B        C        D        E       F      G
               +--------+--------+--------+--------+--------+-----+--------+
         Total |     59 |     59 |      0 |      0 |      5 |   2 |   29.5 |
       Dungeon |     59 |     59 |      0 |      0 |      5 |   2 |   29.5 |
               +--------+--------+--------+--------+--------+-----+--------+

Top non-repeatable levels by time:
     D:5: 54 daAuts
     D:4: 5 daAuts
